 Dungeon Crawl Stone Soup version 0.24.0-13-gcf9b3192b9 (webtiles) character file.

Game seed: 782179042596306253, levelgen mode: deterministic

16513 Masnef the Covert (level 12, -21/92 HPs)
             Began as a Human Enchanter on Nov 6, 2019.
             Was a Believer of Ashenzari.
             Hit by a javelin thrown by a minotaur (31 damage)
             ... in a Gauntlet.
             The game lasted 00:53:25 (14799 turns).

Masnef the Covert (Human Enchanter)                Turns: 14799, Time: 00:53:26

Health: -21/92     AC: 15    Str: 15    XL:     12   Next: 71%
Magic:  21/21      EV: 17    Int: 20    God:    Ashenzari [**....]
Gold:   619        SH:  5    Dex: 15    Spells: 12/23 levels left

rFire    + . .     SeeInvis .   B - +10 short sword "Boshreesh" {flame, -Tele rElec rF+ Str+3}
rCold    + + .     Gourm    .   y - +0 buckler (curse)
rNeg     . . .     Faith    .   J - +2 ring mail {rC+} (curse)
rPois    .         Spirit   .   Z - +0 hat of Picil {Str+4} (curse)
rElec    +         Reflect  .   H - +1 cloak (curse)
rCorr    .         Harm     .   F - +0 pair of gloves (curse)
MR       .....     NoTele   +   n - +2 pair of boots (curse)
Stlth    +++++.....             U - amulet of magic regeneration
HPRegen  0.25/turn              m - ring of stealth (curse)
MPRegen  0.42/turn              D - ring of protection from cold

@: very slightly contaminated, invisible
A: no striking features
a: Curse Item, Scrying, Renounce Religion


You were in a Gauntlet.
You worshipped Ashenzari.
Ashenzari was pleased with you.
You were not hungry.

You visited 2 branches of the dungeon, and saw 13 of its levels.
You also visited: Gauntlet.

You collected 619 gold pieces.

Inventory:

Hand Weapons
 a - a +1 dagger
 p - a +0 hunting sling
 w - a +1 dagger of protection
 B - the +10 short sword "Boshreesh" (weapon) {flame, -Tele rElec rF+ Str+3}
   (You found it on level 4 of the Dungeon)

   It has been specially enchanted to burn those struck by it, causing extra
   injury to most foes and up to half again as much damage against particularly
   susceptible opponents.
   It affects your strength (+3).
   It protects you from fire.
   It insulates you from electricity.
   It prevents most forms of teleportation.
 K - a +1 spear of flaming
 M - a +2 dagger of draining
 N - a +0 long sword of holy wrath
 O - a +1 whip of electrocution
Missiles
 g - 24 poisoned darts (quivered)
 s - 266 arrows
Armour
 b - a +0 robe
 n - a cursed +2 pair of boots (worn)
 y - a cursed +0 buckler (worn)
 C - the cursed +1 chain mail "Edupn" {MR+}
   (You found it on level 4 of the Dungeon)

   It affects your resistance to hostile enchantments.
   It has a curse placed upon it.
 F - a cursed +0 pair of gloves (worn)
 H - a cursed +1 cloak (worn)
 J - a cursed +2 ring mail of cold resistance (worn)
 T - a +2 leather armour of fire resistance
 Z - the cursed +0 hat of Picil (worn) {Str+4}
   (You found it in a Gauntlet)

   It affects your strength (+4).
   It has a curse placed upon it.
Jewellery
 l - an uncursed amulet of guardian spirit
 m - a cursed ring of stealth (left hand)
 D - a ring of protection from cold (right hand)
 U - an amulet of magic regeneration (around neck)
Wands
 i - a wand of random effects (11)
 q - a wand of polymorph (4)
 E - a wand of paralysis (10)
 I - a wand of scattershot (6)
Scrolls
 c - a scroll of identify
 h - 3 scrolls of magic mapping
 k - a scroll of remove curse
 u - 4 scrolls of teleportation
 z - 2 scrolls of immolation
 G - 2 scrolls of fog
 P - a scroll of silence
 R - a scroll of blinking {unknown}
 S - a scroll of enchant weapon
 V - a scroll of random uselessness {unknown}
Potions
 e - 3 potions of berserk rage
 f - 6 potions of curing
 j - 3 potions of haste
 o - a potion of might
 r - 2 potions of brilliance
 t - 5 potions of heal wounds
 v - 2 potions of invisibility
 x - 4 potions of agility
 A - 3 potions of lignification
 L - a potion of ambrosia
 Q - a potion of magic
 W - a potion of flight
 Y - a potion of resistance {unknown}
Comestibles
 d - 25 rations


   Skills:
 * Level 8.1 Fighting
 + Level 8.7 Short Blades
 - Level 4.0(6.1) Armour
 + Level 8.1(10.4) Dodging
 + Level 9.8 Stealth
 - Level 4.0(5.4) Shields
 - Level 6.0 Spellcasting
 - Level 3.0 Conjurations
 - Level 6.0 Hexes
 - Level 1.0 Transmutations
 - Level 1.0 Ice Magic
 - Level 3.0 Earth Magic


You had 12 spell levels left.
You knew the following spells:

 Your Spells              Type           Power        Failure   Level  Hunger
a - Corona                Hex            ####...      1%          1    None
b - Ensorcelled Hibernat  Hex/Ice        ###...       7%          2    None
c - Confuse               Hex            ####....     4%          3    ##.....
d - Dazzling Spray        Conj/Hex       ###...       9%          3    ##.....
e - Passwall              Tmut/Erth      ##......     12%         2    None

Your spell library contained the following spells:

 Spells                   Type           Power        Failure   Level  Hunger
 Tukima's Dance           Hex            ####....     4%          3    ##.....
 Sandblast                Erth           ###...       5%          1    None
 Stone Arrow              Conj/Erth      ###...       16%         3    ##.....
 Petrify                  Tmut/Erth      ##......     63%         4    ####...
 Lee's Rapid Deconstruct  Erth           ###.......   83%         5    #####..


Dungeon Overview and Level Annotations

Branches:
Dungeon (12/15)            Temple (1/1) D:7            Lair (0/6) D:8
    Orc (0/2) D:9         Gauntlet (1/1)

Altars:
Ashenzari
Cheibriados
Dithmenos
Elyvilon
Fedhas
Gozag
Hepliaklqana
Kikubaaqudgha
Makhleb
Nemelex Xobeh
Okawaru
Qazlal
Ru
Sif Muna
Trog
Uskayaw
Vehumet
Wu Jian
Xom
Yredelemnul
Zin
The Shining One
Beogh

Shops:
D:5 }

Annotations:
D:2 2 transporters
D:12 1 transporter Gauntlet 7 transporters


Message History

You feel much better. The minotaur closely misses you. The minotaur gores you!
You barely miss the minotaur.
The minotaur is lightly wounded.
The minotaur hits you with a +0 great sword of electrocution.
You block the minotaur's attack.
You hit the minotaur but do no damage.
The minotaur is lightly wounded.
You strike the helpless minotaur from behind!
You puncture the minotaur! You burn the minotaur.
The minotaur is moderately wounded.
You puncture the minotaur! You burn the minotaur.
The minotaur is heavily wounded.
You hit the minotaur but do no damage.
The minotaur is heavily wounded.
The minotaur hits you with a +0 great sword of electrocution!!
* * * LOW HITPOINT WARNING * * *
The minotaur gores you.
* * * LOW HITPOINT WARNING * * *
The minotaur throws a javelin.
The javelin pierces through you!!
You die...

#.♣.♣.©.©.©.©.♣.
#..............
,
#####.###.###.#
* ###.###.###.#
#............ *
#.###.###.###.#
#.............#
#######'######
##@### **#..∩.#
∆+⌠.H.# #...⌠+ *
#.⌠..# ##+###


You could see a minotaur.

Vanquished Creatures
  Josephine (D:10)
  Harold (D:11)
  2 two-headed ogres
  A tengu warrior (Gauntlet)
  Sonja (D:11)
  Pikel (D:7)
  Joseph (D:8)
  A tengu conjurer (Gauntlet)
  A queen bee (D:9)
  A troll (D:10)
  3 hornets (Gauntlet)
  A hippogriff (D:11)
  4 wraiths
  A wyvern (D:12)
  A basilisk (D:9)
  11 yaks (D:9)
  A hog (shapeshifter) (Gauntlet)
  A two-headed ogre zombie (D:9)
  A water moccasin (D:10)
  A water moccasin (shapeshifter) (Gauntlet)
  2 porcupines (D:8)
  Duvessa (D:4)
  3 slaves
  5 black bears
  7 orc warriors
  3 ice beasts
  7 phantoms
  4 ogres
  6 centaurs
  A crocodile (D:8)
  7 bullfrogs
  2 big kobolds (D:11)
  A wyvern zombie (D:8)
  A water moccasin skeleton (D:9)
  26 killer bees (D:9)
  Dowan (D:4)
  3 scorpions
  2 troll zombies (D:9)
  3 wights (D:9)
  4 howler monkeys
  4 crimson imps
  A centaur zombie (D:5)
  4 bullfrog zombies
  5 hounds
  A bullfrog skeleton (D:11)
  6 orc priests
  A gnoll shaman (D:6)
  A hound (shapeshifter) (Gauntlet)
  6 jellies
  9 orc wizards
  2 centaur skeletons
  An iguana (D:9)
  12 worker ants
  A killer bee zombie (D:6)
  5 ogre zombies (D:9)
  A hound skeleton (D:5)
  A howler monkey zombie (D:11)
  2 worker ant zombies
  5 gnolls (D:6)
  14 adders
  2 shadow imps
  4 oozes
  2 worms
  A dart slug (D:3)
  6 leopard geckos
  52 orcs
  12 bats
  5 giant cockroaches
  6 hobgoblins
  9 jackals
  5 quokkas
  2 frilled lizards (D:3)
  9 goblins
  2 goblin zombies (D:9)
  3 hobgoblin zombies (D:9)
  A jackal zombie (D:4)
  19 kobolds
  3 orc skeletons (D:9)
  16 orc zombies (D:9)
  A quokka skeleton (D:6)
  6 rats
373 creatures vanquished.

Vanquished Creatures (others)
  18 fungi (D:8)
  5 plants (D:8)
23 creatures vanquished.

Grand Total: 396 creatures vanquished

Notes
Turn   | Place    | Note
-------+----------+-------------------------------------------
     0 | D:1      | Masnef the Human Enchanter began the quest for the Orb.
     0 | D:1      | Reached XP level 1. HP: 13/13 MP: 3/3
    70 | D:1      | Reached XP level 2. HP: 4/19 MP: 3/5
   434 | D:1      | Learned a level 2 spell: Ensorcelled Hibernation
  1069 | D:1      | Reached XP level 3. HP: 21/24 MP: 0/6
  1556 | D:2      | Found a transporter.
  1558 | D:2      | Noticed a two-headed ogre
  1559 | D:2      | Found a transporter.
  1594 | D:2      | Reached XP level 4. HP: 30/30 MP: 7/7
  1597 | D:2      | Found a white marble altar of Elyvilon.
  1600 | D:2      | Noticed a crocodile
  1723 | D:2      | Reached skill level 4 in Stealth
  2460 | D:3      | Learned a level 3 spell: Confuse
  2737 | D:3      | Reached XP level 5. HP: 7/35 MP: 0/8
  4068 | D:4      | Reached skill level 1 in Shields
  4068 | D:4      | Reached XP level 6. HP: 34/41 MP: 1/9
  4300 | D:4      | Found an opulent altar of Gozag.
  4362 | D:4      | Noticed Dowan
  4364 | D:4      | Got a twisted short sword
  4370 | D:4      | Identified the +10 short sword "Boshreesh" {flame, -Tele
                  | rElec rF+ Str+3} (You found it on level 4 of the Dungeon)
  4383 | D:4      | Noticed Duvessa
  4388 | D:4      | Killed Dowan
  4769 | D:4      | Got a turquoise-encrusted chain mail
  5020 | D:4      | Learned a level 3 spell: Dazzling Spray
  5052 | D:4      | Killed Duvessa
  5052 | D:4      | Reached skill level 5 in Stealth
  5052 | D:4      | Reached XP level 7. HP: 46/46 MP: 6/11
  5328 | D:5      | Entered Level 5 of the Dungeon
  5345 | D:5      | Found a hide-covered altar of Uskayaw.
  5612 | D:5      | Found Pelirph's Gadget Boutique.
  5621 | D:5      | Reached skill level 1 in Conjurations
  5645 | D:5      | Found a shimmering blue altar of Sif Muna.
  5646 | D:5      | Found an ornate altar of the Wu Jian Council.
  5884 | D:5      | Found a glowing golden altar of the Shining One.
  5888 | D:5      | Found a hazy altar of Hepliaklqana.
  5891 | D:5      | Found an opulent altar of Gozag.
  5892 | D:5      | Found a basalt altar of Yredelemnul.
  6115 | D:5      | Reached XP level 8. HP: 52/52 MP: 12/12
  6579 | D:6      | Identified the cursed +1 chain mail "Edupn" {MR+} (You
                  | found it on level 4 of the Dungeon)
  6757 | D:6      | Found an iron altar of Okawaru.
  7350 | D:6      | Reached skill level 6 in Stealth
  7350 | D:6      | Reached skill level 5 in Hexes
  7350 | D:6      | Reached XP level 9. HP: 54/57 MP: 14/14
  7470 | D:7      | Reached skill level 5 in Short Blades
  7483 | D:7      | Found a staircase to the Ecumenical Temple.
  7542 | Temple   | Entered the Ecumenical Temple
  7629 | Temple   | Became a worshipper of Ashenzari the Shackled
  7829 | D:7      | Noticed Pikel
  8542 | D:7      | Paralysed by Pikel for 2 turns
  8562 | D:7      | Killed Pikel
  8562 | D:7      | Reached skill level 5 in Dodging
  8562 | D:7      | Reached skill level 7 in Stealth
  8562 | D:7      | Reached skill level 5 in Spellcasting
  8864 | D:7      | Found a staircase to the Ecumenical Temple.
  9092 | D:8      | Found a sparkling altar of Nemelex Xobeh.
  9179 | D:8      | Reached * piety under Ashenzari
  9184 | D:8      | Noticed Joseph
  9185 | D:8      | Reached XP level 10. HP: 63/63 MP: 17/17
  9200 | D:8      | Killed Joseph
  9393 | D:8      | Reached skill level 1 in Fighting
  9403 | D:8      | Reached skill level 1 in Armour
  9553 | D:8      | Reached skill level 1 in Ice Magic
  9767 | D:8      | Found a staircase to the Lair.
  9828 | D:8      | Learned a level 2 spell: Passwall
 10269 | D:9      | Reached skill level 8 in Stealth
 10269 | D:9      | Reached skill level 1 in Transmutations
 10269 | D:9      | Reached skill level 1 in Earth Magic
 10298 | D:9      | Reached XP level 11. HP: 56/75 MP: 4/19
 10357 | D:9      | Found a staircase to the Orcish Mines.
 11209 | D:9      | Found a roughly hewn altar of Beogh.
 11636 | D:9      | Reached skill level 5 in Fighting
 11776 | D:9      | Found an ancient bone altar of Kikubaaqudgha.
 11810 | D:10     | Entered Level 10 of the Dungeon
 11836 | D:10     | Noticed Josephine
 12283 | D:10     | Reached ** piety under Ashenzari
 12331 | D:10     | Killed Josephine
 12532 | D:10     | Reached skill level 9 in Stealth
 12610 | D:10     | Reached XP level 12. HP: 81/88 MP: 7/21
 12726 | D:10     | Noticed a two-headed ogre
 12734 | D:10     | Killed a two-headed ogre
 13188 | D:11     | Noticed Harold
 13542 | D:11     | Killed Harold
 13676 | D:11     | Noticed Sonja
 13683 | D:11     | Killed Sonja
 13903 | D:11     | Found a stormy altar of Qazlal.
 14166 | D:12     | Found a transporter.
 14176 | D:12     | Noticed a two-headed ogre
 14197 | D:12     | Killed a two-headed ogre
 14229 | D:12     | Found a gate leading to a gauntlet.
 14238 | Gauntlet | Entered a Gauntlet
 14238 | Gauntlet | Found a transporter.
 14245 | Gauntlet | Found a transporter.
 14253 | Gauntlet | Found a transporter.
 14255 | Gauntlet | Found a transporter.
 14260 | Gauntlet | Noticed a blizzard demon
 14263 | Gauntlet | Found a transporter.
 14276 | Gauntlet | Noticed a death scarab
 14279 | Gauntlet | Found a transporter.
 14281 | Gauntlet | Identified the +0 centaur barding of the Seven Dances
                  | {Str+4}
 14283 | Gauntlet | Noticed a death scarab
 14288 | Gauntlet | Found the amulet of Vitality {Regen+ HP+15}
 14289 | Gauntlet | Found a transporter.
 14299 | Gauntlet | Found a transporter.
 14310 | Gauntlet | Found a transporter.
 14310 | Gauntlet | Noticed a dire elephant
 14329 | Gauntlet | Noticed a swamp dragon
 14329 | Gauntlet | a glowing shapeshifter changed into a swamp dragon
 14331 | Gauntlet | Noticed a fire crab
 14331 | Gauntlet | a swamp dragon changed into a fire crab
 14332 | Gauntlet | a fire crab changed into a raiju
 14341 | Gauntlet | Found a runed translucent gate.
 14342 | Gauntlet | Found a transporter.
 14342 | Gauntlet | Found a runed translucent gate.
 14342 | Gauntlet | Found a transporter.
 14344 | Gauntlet | Found a runed translucent gate.
 14354 | Gauntlet | Noticed a tengu warrior
 14363 | Gauntlet | Found a transporter.
 14397 | Gauntlet | Paralysed by a hornet for 1 turns
 14637 | Gauntlet | Found a transporter.
 14644 | Gauntlet | Killed a tengu warrior
 14758 | Gauntlet | Got the cursed hat of Picil {Str+4}
 14764 | Gauntlet | Identified the cursed +0 hat of Picil {Str+4} (You found it
                  | in a Gauntlet)
 14780 | Gauntlet | Noticed a minotaur
 14799 | Gauntlet | Hit by a javelin thrown by a minotaur

Levels and vault maps discovered:
D:1:      psy_arrival_fountain, layout_loops_ring
D:2:      layout_loops_ring, gammafunk_temple_overflow_arena
D:3:      minmay_thinvault, layout_rooms, minmay_pentomino_pile
D:4:      layout_rooms, first_ration, nicolae_gozag_seed_capital, uniq_duvessa
D:5:      layout_basic, nicolae_overflow_crystal_walls, minitemple,
          gammafunk_temple_overflow_pools, serial_shops, shop
D:6:      layout_basic, okawaru_altar_gauntlet_db
D:7:      layout_gridville, minmay_temple_entry_statues_fountains, uniq_pikel
D:8:      layout_basic, nemelex_xobeh_ov_fountains_minmay,
          grunt_lair_entry_orc_guard_hut, uniq_joseph
D:9:      layout_long_grid, lemuel_coloured_pillars_altar, zombieorc2_lemuel,
          special_room [special_room_orc], david_nohive_1
D:10:     layout_cave_pools, serial_column_ruins, column_ruins_open_small,
          column_ruins_columns_corner, column_ruins_grid_2,
          column_ruins_open_medium_water, billiards_dpeg, uniq_josephine
D:11:     layout_basic, basic_altar, eino_small_chamber_without_monster,
          minmay_misc_feat_tower, uniq_sonja, uniq_harold
D:12:     gammafunk_wand_slinger, layout_basic, gauntlet_entry_generic,
          kennysheep_dice, uniq_nessos
Temple:   nicolae_temple_hex_pool
Gauntlet: minmay_gauntlet_77_tree [minmay_gauntlet_arena_77_box,
          minmay_gauntlet_arena_77_checkered,
          minmay_gauntlet_arena_77_run_for_it,
          minmay_gauntlet_arena_77_squiggly,
          minmay_gauntlet_arena_77_broken_ladder,
          minmay_gauntlet_arena_77_mirror,
          minmay_gauntlet_arena_77_terracotta_army, gauntlet_exit_hidden_loot]

Skill      XL: |  1  2  3  4  5  6  7  8  9 10 11 12 |
---------------+-------------------------------------+-----
Short Blades   | 2 3 4 6 7 8 |  8.7
Stealth        | 4 5 6 7 8 9 |  9.8
Shields        | 1 2 3 4 |  4.0
Conjurations   | 1 2 3 |  3.0
Hexes          | 4 5 6 |  6.0
Spellcasting   | 3 5 6 |  6.0
Dodging        | 3 5 6 7 8 |  8.1
Fighting       | 3 6 8 |  8.1
Armour         | 3 4 |  4.0
Ice Magic      | 1 |  1.0
Transmutations | 1 |  1.0
Earth Magic    | 1 3 |  3.0

Action                   |  1- 3 |  4- 6 |  7- 9 | 10-12 || total
-------------------------+-------+-------+-------+-------++-------
Melee: Dagger            |    96 |   218 |       |     4 ||   318
       Short sword       |       |    16 |   212 |   629 ||   857
 Fire: Shortbow          |       |       |    16 |       ||    16
 Cast: Corona            |    12 |     3 |       |       ||    15
       Ensorcelled Hiber |     7 |    43 |     5 |    21 ||    76
       Confuse           |       |     3 |     8 |    57 ||    68
       Dazzling Spray    |       |       |     9 |    17 ||    26
Invok: Curse Item        |       |       |     4 |     1 ||     5
Evoke: Wand              |       |       |       |     3 ||     3
  Use: Potion            |       |     3 |       |     3 ||     6
       Scroll            |       |     9 |     5 |     6 ||    20
 Stab: Sleeping          |    12 |    32 |    11 |    27 ||    82
       Invisible         |       |     2 |     1 |     9 ||    12
       Confused          |       |     1 |     3 |    23 ||    27
       Distracted        |       |       |     1 |     6 ||     7
       Paralysed         |       |       |       |     2 ||     2
  Eat: Chunk             |     2 |    13 |    11 |    22 ||    48
       Ration            |       |     1 |     1 |       ||     2
Armor: Robe              |    19 |    64 |    50 |     4 ||   137
       Ring mail         |       |       |       |   144 ||   144
Dodge: Dodged            |    73 |   165 |   128 |   380 ||   746
Block: Buckler           |       |    18 |    38 |   115 ||   171
